[ AOE2 MATCH · #505007895 ]
UnrankedBurgundians vs Sicilians
Player's team · LOSS
[ REPLAY ANALYSIS · EXTRACTED FROM THE RECORDED GAME ]
Feudal
10:36
Castle
28:47
Imperial
—
| APM avg | 46.0 |
| APM peak | 103 |
| eAPM avg | 17.0 |
| Villagers / military | 65 / 40 |
Focus
⚔️ 29.7% · 🌾 70.3%
Archer ×29 · Mangonel ×8 · Militia ×3
Feudal
8:54
Castle
30:14
Imperial
—
| APM avg | 42.5 |
| APM peak | 77 |
| eAPM avg | 21.3 |
| Villagers / military | 105 / 55 |
Focus
⚔️ 36.2% · 🌾 63.8%
Serjeant ×43 · Mangonel ×8 · Battering Ram ×4
Match map
Initial resources + every placement click. Lines = walls · curves = elevation contours. ◆ gold · ⬟ stone · ● berries · ✦ relic · ◌ wall gap
Your base· ✓ Closed at 28:47 · 9t walls · no gate
Freakadele's base· Open — opponent sealed themselves in
Smoothed initial terrain · ◌ = detected wall gap · hover for details
Inputs per minute
— Sp Bro - - Freakadele
Build order — Sp Bro
First 150 of 198 actions detected
| 0:01 | Queue | Villager (Male) |
| 0:01 | Queue | Villager (Male) |
| 0:02 | Build | House |
| 0:03 | Build | House |
| 0:14 | Queue | Villager (Male) |
| 0:15 | Queue | Villager (Male) |
| 0:15 | Queue | Villager (Male) |
| 1:26 | Queue | Villager (Male) |
| 1:26 | Queue | Villager (Male) |
| 1:46 | Build | Lumber Camp |
| 1:51 | Queue | Villager (Male) |
| 1:51 | Queue | Villager (Male) |
| 2:15 | Queue | Villager (Male) |
| 2:15 | Queue | Villager (Male) |
| 2:36 | Queue | Villager (Male) |
| 2:36 | Queue | Villager (Male) |
| 3:12 | Queue | Villager (Male) |
| 3:12 | Queue | Villager (Male) |
| 3:24 | Build | House |
| 3:33 | Queue | Villager (Male) |
| 4:04 | Queue | Villager (Male) |
| 4:04 | Queue | Villager (Male) |
| 4:26 | Queue | Villager (Male) |
| 4:41 | Research | Double-Bit Axe |
| 4:45 | Queue | Villager (Male) |
| 4:45 | Queue | Villager (Male) |
| 5:07 | Build | House |
| 5:26 | Queue | Villager (Male) |
| 5:46 | Build | Barracks |
| 5:50 | Queue | Villager (Male) |
| 6:21 | Queue | Villager (Male) |
| 6:51 | Queue | Militia |
| 6:51 | Queue | Militia |
| 6:51 | Queue | Militia |
| 6:58 | Queue | Villager (Male) |
| 7:02 | Build | Mining Camp |
| 7:18 | Queue | Villager (Male) |
| 7:35 | Build | Palisade Wall |
| 7:38 | Build | Palisade Wall |
| 7:48 | Research | Loom |
| 8:21 | Queue | Villager (Male) |
| 8:26 | Research | Feudal Age |
| 9:20 | Build | House |
| 9:43 | Queue | Villager (Male) |
| 9:48 | Build | House |
| 10:18 | Queue | Villager (Male) |
| 10:36 | Age | Feudal Age |
| 10:42 | Build | Archery Range |
| 10:45 | Queue | Villager (Male) |
| 10:51 | Build | Watch Tower |
| 10:59 | Research | Bow Saw |
| 11:04 | Queue | Villager (Male) |
| 11:15 | Queue | Villager (Male) |
| 11:17 | Build | Outpost |
| 11:20 | Build | Mill |
| 11:23 | Queue | Archer |
| 11:23 | Queue | Archer |
| 11:24 | Queue | Archer |
| 11:38 | Build | House |
| 11:45 | Build | House |
| 11:51 | Queue | Villager (Male) |
| 11:53 | Queue | Villager (Male) |
| 12:18 | Build | Market |
| 12:37 | Queue | Archer |
| 12:38 | Queue | Villager (Male) |
| 12:43 | Build | Palisade Wall |
| 12:46 | Build | Palisade Wall |
| 12:49 | Build | Palisade Wall |
| 13:15 | Queue | Villager (Male) |
| 13:47 | Build | Farm |
| 13:47 | Build | Farm |
| 13:48 | Build | Farm |
| 13:48 | Build | Farm |
| 13:48 | Build | Farm |
| 13:48 | Build | Farm |
| 14:21 | Queue | Archer |
| 14:22 | Queue | Archer |
| 14:22 | Queue | Archer |
| 14:25 | Queue | Villager (Male) |
| 14:54 | Queue | Villager (Male) |
| 14:56 | Build | Blacksmith |
| 15:09 | Queue | Archer |
| 15:10 | Queue | Archer |
| 15:16 | Queue | Villager (Male) |
| 15:21 | Build | Farm |
| 15:22 | Build | Farm |
| 15:23 | Build | Farm |
| 15:43 | Build | Watch Tower |
| 16:50 | Research | Fletching |
| 16:53 | Queue | Villager (Male) |
| 16:53 | Queue | Villager (Male) |
| 17:02 | Queue | Archer |
| 17:02 | Queue | Archer |
| 17:03 | Queue | Archer |
| 17:06 | Build | House |
| 17:07 | Build | House |
| 17:45 | Queue | Villager (Male) |
| 17:45 | Queue | Villager (Male) |
| 18:46 | Queue | Archer |
| 18:46 | Queue | Archer |
| 18:46 | Queue | Archer |
| 18:47 | Queue | Archer |
| 19:00 | Build | Watch Tower |
| 19:05 | Build | Palisade Wall |
| 19:08 | Build | Palisade Wall |
| 19:09 | Build | Palisade Wall |
| 19:12 | Build | Palisade Wall |
| 19:15 | Queue | Villager (Male) |
| 19:56 | Queue | Archer |
| 19:56 | Queue | Archer |
| 19:56 | Queue | Archer |
| 19:56 | Queue | Archer |
| 20:10 | Queue | Archer |
| 20:11 | Queue | Archer |
| 20:13 | Queue | Villager (Male) |
| 20:13 | Queue | Villager (Male) |
| 20:13 | Queue | Villager (Male) |
| 20:27 | Queue | Archer |
| 20:40 | Build | Farm |
| 20:43 | Build | Farm |
| 20:45 | Build | Farm |
| 20:47 | Build | Farm |
| 21:16 | Queue | Villager (Male) |
| 21:17 | Queue | Villager (Male) |
| 21:17 | Queue | Villager (Male) |
| 21:34 | Queue | Villager (Male) |
| 21:35 | Queue | Villager (Male) |
| 21:36 | Build | Lumber Camp |
| 21:53 | Queue | Archer |
| 21:53 | Queue | Archer |
| 21:57 | Queue | Villager (Male) |
| 21:57 | Queue | Villager (Male) |
| 22:03 | Build | House |
| 22:04 | Build | House |
| 22:23 | Queue | Archer |
| 22:23 | Queue | Archer |
| 23:38 | Queue | Villager (Male) |
| 23:40 | Build | House |
| 23:48 | Build | Farm |
| 23:53 | Build | Lumber Camp |
| 24:11 | Build | Lumber Camp |
| 25:04 | Build | Watch Tower |
| 25:19 | Build | House |
| 25:26 | Build | Palisade Wall |
| 25:43 | Build | Farm |
| 25:56 | Build | Mining Camp |
| 26:07 | Research | Castle Age |
| 26:07 | Research | Castle Age |
| 27:20 | Research | Horse Collar |
| 27:20 | Research | Horse Collar |
Build order — Freakadele
First 150 of 275 actions detected
| 0:01 | Queue | Villager (Male) ×4 |
| 0:02 | Build | House |
| 0:03 | Build | House |
| 1:28 | Queue | Villager (Male) |
| 1:29 | Queue | Villager (Male) |
| 1:55 | Build | Lumber Camp |
| 2:02 | Queue | Villager (Male) |
| 2:02 | Queue | Villager (Male) |
| 2:47 | Queue | Villager (Male) |
| 2:47 | Queue | Villager (Male) |
| 2:48 | Queue | Villager (Male) |
| 3:35 | Queue | Villager (Male) |
| 3:55 | Build | House |
| 3:56 | Queue | Villager (Male) |
| 3:57 | Queue | Villager (Male) |
| 3:57 | Queue | Villager (Male) |
| 4:29 | Build | Mill |
| 4:52 | Queue | Villager (Male) |
| 4:52 | Queue | Villager (Male) |
| 4:52 | Queue | Villager (Male) |
| 6:16 | Queue | Villager (Male) |
| 6:21 | Build | House |
| 6:44 | Research | Feudal Age |
| 6:44 | Research | Feudal Age |
| 7:07 | Research | Loom |
| 7:35 | Queue | Villager (Male) |
| 7:56 | Build | Mining Camp |
| 8:32 | Build | Mining Camp |
| 8:54 | Age | Feudal Age |
| 8:55 | Build | Donjon |
| 9:00 | Build | House |
| 9:03 | Build | Palisade Wall |
| 9:04 | Queue | Villager (Male) |
| 9:24 | Build | Palisade Wall |
| 9:25 | Build | Palisade Wall |
| 9:27 | Build | Palisade Wall |
| 9:29 | Build | Palisade Wall |
| 9:44 | Build | Palisade Wall |
| 9:45 | Build | Palisade Wall |
| 9:46 | Queue | Villager (Male) |
| 9:54 | Queue | Villager (Male) |
| 9:55 | Queue | Serjeant |
| 9:56 | Queue | Serjeant |
| 9:56 | Queue | Serjeant |
| 10:04 | Queue | Villager (Male) |
| 10:14 | Queue | Villager (Male) |
| 10:21 | Research | Double-Bit Axe |
| 10:21 | Research | Double-Bit Axe |
| 10:30 | Queue | Villager (Male) |
| 10:40 | Build | Mining Camp |
| 11:03 | Build | Donjon |
| 11:06 | Build | Palisade Wall |
| 11:08 | Build | Palisade Wall |
| 11:15 | Queue | Villager (Male) |
| 11:27 | Queue | Serjeant |
| 11:44 | Build | House |
| 12:19 | Queue | Serjeant |
| 12:42 | Build | Donjon |
| 12:44 | Queue | Serjeant |
| 12:50 | Build | Blacksmith |
| 12:51 | Queue | Villager (Male) |
| 13:01 | Build | Donjon |
| 13:04 | Queue | Villager (Male) |
| 13:13 | Queue | Villager (Male) |
| 13:17 | Build | House |
| 13:45 | Build | House |
| 13:56 | Research | Scale Mail Armor |
| 14:07 | Build | Donjon |
| 14:25 | Queue | Villager (Male) |
| 14:40 | Build | Market |
| 14:42 | Queue | Villager (Male) |
| 15:03 | Build | Farm |
| 15:10 | Queue | Villager (Male) |
| 15:10 | Queue | Villager (Male) |
| 15:26 | Build | Donjon |
| 15:30 | Queue | Villager (Male) |
| 15:33 | Build | Farm |
| 15:36 | Build | Farm |
| 15:53 | Queue | Villager (Male) |
| 16:11 | Queue | Villager (Male) |
| 16:39 | Queue | Serjeant |
| 16:49 | Queue | Serjeant |
| 17:07 | Queue | Serjeant |
| 17:40 | Queue | Villager (Male) |
| 17:45 | Queue | Serjeant |
| 17:55 | Build | Palisade Wall |
| 17:59 | Queue | Serjeant |
| 18:12 | Build | Barracks |
| 18:13 | Queue | Villager (Male) |
| 18:37 | Queue | Serjeant |
| 18:40 | Queue | Villager (Male) |
| 19:09 | Queue | Villager (Male) |
| 19:13 | Build | Farm |
| 19:14 | Build | Farm |
| 19:18 | Queue | Serjeant |
| 19:18 | Queue | Serjeant |
| 19:33 | Research | Fletching |
| 20:01 | Build | Donjon |
| 20:07 | Build | Mill |
| 20:16 | Build | Mining Camp |
| 20:30 | Queue | Serjeant |
| 20:30 | Queue | Serjeant |
| 20:32 | Queue | Villager (Male) |
| 20:32 | Queue | Villager (Male) |
| 20:35 | Build | Farm |
| 20:35 | Build | Farm |
| 20:36 | Build | Farm |
| 20:36 | Build | Farm |
| 20:36 | Build | Farm |
| 20:51 | Build | House |
| 20:53 | Queue | Villager (Male) |
| 21:13 | Queue | Serjeant |
| 21:13 | Queue | Serjeant |
| 21:20 | Research | Arson |
| 21:24 | Queue | Villager (Male) |
| 21:34 | Queue | Villager (Male) |
| 21:37 | Build | Mining Camp |
| 21:53 | Build | Donjon |
| 21:55 | Queue | Villager (Male) |
| 22:02 | Queue | Serjeant |
| 22:02 | Queue | Serjeant |
| 22:02 | Queue | Serjeant |
| 22:06 | Build | House |
| 22:11 | Queue | Serjeant |
| 22:18 | Build | House |
| 22:27 | Build | Farm |
| 22:28 | Build | Farm |
| 22:43 | Queue | Serjeant |
| 22:55 | Research | Forging |
| 23:09 | Queue | Villager (Male) |
| 23:21 | Queue | Villager (Male) |
| 23:42 | Build | Donjon |
| 23:46 | Build | Mill |
| 23:47 | Queue | Villager (Male) |
| 23:47 | Queue | Villager (Male) |
| 23:50 | Queue | Serjeant |
| 23:50 | Queue | Serjeant |
| 23:58 | Queue | Serjeant |
| 23:59 | Queue | Serjeant |
| 24:14 | Build | Lumber Camp |
| 24:15 | Build | Lumber Camp |
| 24:25 | Build | Donjon |
| 24:27 | Queue | Villager (Male) |
| 24:37 | Queue | Serjeant |
| 24:37 | Queue | Serjeant |
| 24:37 | Queue | Serjeant |
| 24:40 | Build | House |
| 24:42 | Build | House |
| 24:57 | Queue | Villager (Male) |
| 25:09 | Queue | Villager (Male) |
Match timeline
| 5:46 | Sp Bro · first_building Barracks |
| 7:35 | Sp Bro · wall_segment Palisade Wall x1 |
| 7:38 | Sp Bro · wall_segment Palisade Wall x1 |
| 8:54 | Freakadele · age_up feudal |
| 8:55 | Freakadele · first_building Donjon |
| 9:03 | Freakadele · wall_segment Palisade Wall x2 |
| 9:24 | Freakadele · wall_segment Palisade Wall x1 |
| 9:25 | Freakadele · wall_segment Palisade Wall x1 |
| 9:27 | Freakadele · wall_segment Palisade Wall x1 |
| 9:29 | Freakadele · wall_segment Palisade Wall x1 |
| 9:44 | Freakadele · wall_segment Palisade Wall x1 |
| 9:45 | Freakadele · wall_segment Palisade Wall x1 |
| 10:36 | Sp Bro · age_up feudal |
| 10:42 | Sp Bro · first_building Archery Range |
| 11:06 | Freakadele · wall_segment Palisade Wall x1 |
| 11:08 | Freakadele · wall_segment Palisade Wall x1 |
| 12:43 | Sp Bro · wall_segment Palisade Wall x1 |
| 12:46 | Sp Bro · wall_segment Palisade Wall x1 |
| 12:49 | Sp Bro · wall_segment Palisade Wall x1 |
| 13:24 | Sp Bro · first_market_sell 100 wood |
| 15:36 | Sp Bro · first_market_buy 100 stone |
| 17:55 | Freakadele · wall_segment Palisade Wall x1 |
| 18:12 | Freakadele · first_building Barracks |
| 19:05 | Sp Bro · wall_segment Palisade Wall x1 |
| 19:08 | Sp Bro · wall_segment Palisade Wall x1 |
| 19:09 | Sp Bro · wall_segment Palisade Wall x1 |
| 19:12 | Sp Bro · wall_segment Palisade Wall x1 |
| 19:33 | Freakadele · first_market_buy 100 food |
| 19:36 | Freakadele · first_market_sell 100 wood |
| 25:26 | Sp Bro · wall_segment Palisade Wall x1 |
| 28:47 | Sp Bro · age_up castle |
| 29:02 | Sp Bro · first_building Siege Workshop |
| 30:14 | Freakadele · age_up castle |
| 30:35 | Freakadele · first_building Siege Workshop |
| 38:02 | Freakadele · first_building Castle |
| 38:22 | Sp Bro · resign |
[ AI ANALYSIS · 1 CREDIT ]
What really happened in this match?
Wolo.gg analyzes every decision: build order, eco, micro, common mistakes by bracket. Personalized analysis on WhatsApp or Discord in 30 seconds.
Civ guide
Burgundians
Perfil
Jugador #2482048